 Dungeon Crawl Stone Soup version 0.30-a0-1103-g25895a7845 (webtiles) character file.

Game seed: 12657203706187968300

64432 jasper the Brawler (level 14, -1/143 HPs)
             Began as a Troll Delver on Apr 18, 2023.
             Was the Champion of Wu Jian.
             Shot with a bolt by an orc warrior (8 damage)
             ... on level 1 of the Orcish Mines.
             The game lasted 00:35:42 (15278 turns).

jasper the Brawler (Troll Delver)                  Turns: 15278, Time: 00:35:42

Health: -1/143     AC: 21    Str: 27    XL:     14   Next: 71%
Magic:  13/13      EV: 10    Int:  6    God:    Wu Jian [******]
Gold:   1794       SH:  0    Dex: 15    Spells: 13/13 levels left

rFire   . . .      SeeInvis .      - Unarmed
rCold   . . .      Faith    .    (no shield)
rNeg    + + .      Spirit   .    y - +0 shadow dragon scales
rPois   +          Reflect  .    j - +2 hat of Fypn {Rampage +Inv rN+}
rElec   +          Rampage  +    F - +2 cloak {Stlth+}
rCorr   .                        (gloves unavailable)
Will    ++...                    (boots unavailable)
Stlth   ++++                     (no amulet)
HPRegen 1.23/turn                J - ring "Quklueh" {rElec rN+ Will+ Dex+4}
MPRegen 0.13/turn                q - ring of poison resistance

@: studying Evocations
A: large, unfitting armour, claws 3, regeneration 1, shaggy fur 1, tough skin 1
a: Renounce Religion, Evoke Invisibility, Wall Jump, Serpent's Lash, Heavenly
Storm


You were on level 1 of the Orcish Mines.
You worshipped Wu Jian.
Wu Jian was exalted by your worship.
You visited 4 branches of the dungeon, and saw 18 of its levels.
You also visited: Bailey.

You collected 1794 gold pieces.

Inventory:

Missiles
 o - 13 boomerangs
 t - 3 throwing nets
 w - 188 stones (quivered)
 C - 23 poisoned darts
 G - 17 large rocks
 U - 5 curare-tipped darts
Armour
 a - a +1 robe
 e - a scarf of repulsion
 j - the +2 hat of Fypn (worn) {Rampage +Inv rN+}
   (You acquired it on level 1 of the Dungeon)

   rN:        It protects you from negative energy.
   +Inv:      It lets you turn invisible.
   Rampage:   It bestows one free step when moving towards enemies.
 y - +0 shadow dragon scales (worn)
 F - a +2 cloak of stealth (worn)
 H - the +0 cloak of the Pink Corner {rElec}
   (You found it on level 7 of the Dungeon)

   rElec:     It insulates you from electricity.
 I - a +2 robe of the Archmagi
 M - +0 acid dragon scales
Jewellery
 g - a ring of resist corrosion
 n - a ring of flight
 q - a ring of poison resistance (right claw)
 v - a +6 ring of intelligence
 z - a +6 ring of strength
 J - the ring "Quklueh" (left claw) {rElec rN+ Will+ Dex+4}
   (You found it on level 7 of the Dungeon)

   [ring of willpower]

   Dex:       It affects your dexterity (+4).
   rElec:     It insulates you from electricity.
   rN:        It protects you from negative energy.
   Will:      It increases your willpower.
 O - a +6 ring of intelligence
Wands
 f - a wand of digging (1)
 m - a wand of roots (14)
 B - a wand of polymorph (17)
 E - a wand of mindburst (30)
 S - a wand of paralysis (9)
Scrolls
 b - 5 scrolls of fog
 c - 5 scrolls of magic mapping
 h - 7 scrolls of immolation
 p - 2 scrolls of enchant armour
 r - 5 scrolls of teleportation
 A - 6 scrolls of blinking
 L - a scroll of amnesia
 P - 4 scrolls of vulnerability
 R - 2 scrolls of identify
 T - a scroll of torment
 W - a scroll of enchant weapon
Potions
 d - 5 potions of heal wounds
 i - 2 potions of attraction
 k - 7 potions of lignification
 l - 10 potions of curing
 u - 3 potions of brilliance
 x - 4 potions of mutation
 D - a potion of cancellation
 K - 4 potions of berserk rage
 N - a potion of might
 Q - a potion of flight
Miscellaneous
 V - a phial of floods (inert)


   Skills:
 + Level 10.2 Fighting
 + Level 5.7 Armour
 + Level 10.0 Dodging
 - Level 2.7 Stealth
 * Level 16.3 Unarmed Combat
 + Level 10.9 Evocations


You had 13 spell levels left.
You didn't know any spells.
Your spell library contained the following spells:

 Spells                   Type           Power      Damage    Failure   Level
 Beastly Appendage        Tmut           0%         N/A       95%         1
 Magic Dart               Conj           0%         1d3       95%         1
 Call Imp                 Summ           0%         N/A       99%         2
 Sublimation of Blood     Necr           0%         N/A       99%         2
 Wereblood                Tmut           0%         N/A       99%         2
 Hailstorm                Conj/Ice       0%         3d3       100%        3
 Mephitic Cloud           Conj/Pois/Air  0%         N/A       100%        3
 Spider Form              Tmut/Pois      0%         N/A       100%        3
 Summon Guardian Golem    Hex/Summ       0%         N/A       100%        3
 Animate Armour           Summ/Erth      0%         N/A       100%        4
 Ice Form                 Ice/Tmut       0%         N/A       100%        4
 Blade Hands              Tmut           0%         N/A       100%        5
 Iron Shot                Conj/Erth      0%         9d1       100%        6
 Simulacrum               Ice/Necr       0%         N/A       100%        6
 Orb of Destruction       Conj           0%         9d5       100%        7
 Spellforged Servitor     Conj/Summ      0%         N/A       100%        7
 Summon Hydra             Summ           0%         N/A       100%        7
 Chain Lightning          Conj/Air       0%         N/A       100%        9
 Fire Storm               Conj/Fire      0%         5d1       100%        9
 Shatter                  Erth           0%         3d5*      100%        9


Dungeon Overview and Level Annotations

Branches:
Dungeon (11/15)            Temple (0/1) D:5            Lair (5/5) D:9
 Shoals (1/4) Lair:2       Spider (0/4) Lair:3        Slime (0/5) Lair:4
    Orc (1/2) D:9          Bailey (visited)

Altars:
Ashenzari
Dithmenos
Fedhas
Gozag
Nemelex Xobeh
Ru
Sif Muna
Uskayaw
Vehumet
Wu Jian
Xom
Yredelemnul
Zin
The Shining One

Annotations:
Lair:5 exclusion: oklob plant


Innate Abilities, Weirdness & Mutations

You are too large for most types of armour.
You have claws for hands.
Your natural rate of healing is unusually fast.
You are covered in fur. (AC +1)
You have tough skin. (AC +1)


Message History

The bolt of dispelling energy misses the orc warrior.
The bolt of dispelling energy hits the orc warlord!!
The orc warlord is lightly wounded.
The bolt of dispelling energy hits the orc warrior!!
You kill the orc warrior!
The Council accepts your kill.
The orc warrior hits you from afar with a +1 glaive of freezing!!
The orc warrior freezes you.
You take 25 damage, and have 59/143 hp.
Aiming: Quicksilver Bolt
Press: ? - help, Shift-Dir - straight line, f - orc warrior
Aim: an orc warrior, wielding a +0 war axe and wearing a +0 chain mail (strong, 73% to hit)
The bolt of dispelling energy hits the orc warrior!!
The orc warrior is severely wounded.
The orc warrior's magical effects unravel!
The bolt of dispelling energy hits the orc warlord!!
The orc warlord is moderately wounded.
The bolt of dispelling energy hits the orc warrior!!
The orc warrior is almost dead.
The orc warrior's magical effects unravel!
The now-empty wand crumbles to dust.
The orc warrior hits you with a +0 war axe!
The orc warlord roars a battlecry!
The orc warriors go into a battle-frenzy!
The orc warrior hits you but does no damage.
You take 8 damage, and have 51/143 hp.
You mangle the orc warrior!!
You kill the orc warrior!
The Council accepts your kill.
The orc warrior hits you from afar with a +1 glaive of freezing!!
* * * LOW HITPOINT WARNING * * *
The orc warrior freezes you!
* * * LOW HITPOINT WARNING * * *
The orc warlord unwields a +1 great sword.
The orc warlord wields a +0 arbalest.
The orc warlord shoots a bolt.
The bolt hits you.
* * * LOW HITPOINT WARNING * * *
The orc warrior unwields a +0 trident.
The orc warrior wields a +0 arbalest.
The orc warrior shoots a bolt.
The bolt hits you!
You die...

..# ..# o. .#
##########.#####
##.#..$.o#......#
#.....@)oo)..#
##.#..##o)...#
##...###........
# #...##
###.#....
##.#...# ## ...
#...<..# #.
.......)...#
..........##
.##.......#


You could see an orc warlord and 3 orc warriors.

Vanquished Creatures
  5 dire elephants (Lair:5)
  Josephine (Lair:5)
  A catoblepas (Lair:3)
  A hydra (Lair:5)
  2 boulder beetles
  2 two-headed ogres (D:10)
  A spectral death yak (Lair:5)
  A skyshark (Lair:3)
  A spectral anaconda (Lair:5)
  5 skeletal warriors (D:11)
  A sea snake (Lair:2)
  An obsidian statue (Lair:5)
  Pikel (D:8)
  An orc knight (Orc:1)
  An orc sorcerer (Orc:1)
  4 ugly things
  3 cyclopes
  4 necromancers (Lair:5)
  A manticore (Lair:2)
  33 elephants
  2 wolf spiders
  A torpor snail (D:9)
  2 unseen horrors (D:7)
  9 cane toads
  A rime drake (Lair:4)
  2 kobold demonologists (Bailey)
  5 komodo dragons
  2 trolls
  5 polar bears
  Prince Ribbit (D:8)
  A wind drake (Lair:2)
  34 blink frogs
  Sigmund (D:6)
  2 shadows (D:7)
  4 hogs (D:8)
  3 wyverns
  A human (D:8)
  47 yaks
  6 wraiths
  2 steam dragons
  2 basilisks
  A death yak simulacrum (Lair:5)
  Menkaure (D:5)
  4 wargs (D:10)
  3 acid dragons
  16 water moccasins
  16 orc warriors
  2 sky beasts (D:7)
  5 black bears
  2 ice beasts (D:5)
  An elephant zombie (Lair:5)
  3 ogres
  6 centaurs
  2 phantoms
  2 lemures (D:8)
  2 kobold brigands
  Blork the orc (D:6)
  10 bullfrogs
  11 scorpions
  3 cane toad simulacra (Lair:5)
  7 wights
  12 killer bees
  7 howler monkeys
  4 electric eels
  2 jellies
  7 orc priests
  5 hounds
  2 gnoll boudas
  Terence (D:2)
  Jessica (D:2)
  15 orc wizards
  A sleepcap (D:7)
  4 iguanas
  11 gnolls
  8 adders
  2 worms
  A dart slug (D:2)
  62 orcs
  6 ball pythons
  8 endoplasms
  2 giant cockroaches
  17 goblins
  15 hobgoblins
  A quokka (D:1)
  5 bats
  4 frilled lizards
  10 kobolds
  3 rats
  A butterfly (D:8)
518 creatures vanquished.

Vanquished Creatures (others)
  A death yak (Lair:5)
  51 fungi
  54 plants
  23 withered plants (Lair:5)
129 creatures vanquished.

Grand Total: 647 creatures vanquished

Notes
Turn   | Place    | Note
-------+----------+-------------------------------------------
     0 | D:5      | jasper the Troll Delver began the quest for the Orb.
     0 | D:5      | Reached XP level 1. HP: 22/22 MP: 0/0
    18 | D:5      | Found a radiant altar of Vehumet.
    96 | D:5      | Reached XP level 2. HP: 29/29 MP: 1/1
   108 | D:4      | Noticed a scorpion
   126 | D:5      | Noticed an ice beast
   266 | D:4      | Found an ornate altar of the Wu Jian Council.
   283 | D:4      | Noticed a scorpion
   293 | D:4      | Became a worshipper of the Wu Jian Council
   301 | D:4      | Killed a scorpion
   302 | D:4      | Reached skill level 3 in Unarmed Combat
   302 | D:4      | Reached XP level 3. HP: 11/37 MP: 2/2
   302 | D:4      | Reached XP level 4. HP: 13/45 MP: 3/3
   384 | D:4      | Noticed a scorpion
   394 | D:4      | Killed a scorpion
   395 | D:4      | Reached skill level 4 in Unarmed Combat
   395 | D:4      | Reached XP level 5. HP: 36/53 MP: 4/4
   591 | D:4      | Reached XP level 6. HP: 29/61 MP: 5/5
   984 | D:2      | Noticed Jessica
   986 | D:2      | Killed Jessica
   987 | D:2      | Reached skill level 5 in Unarmed Combat
  1103 | D:1      | Reached * piety under Wu Jian
  1621 | D:1      | Identified a scroll of acquirement
  1621 | D:1      | Acquired the +2 hat of Fypn {Rampage +Inv rN+}
  1840 | D:2      | Noticed Terence
  1845 | D:2      | Killed Terence
  3000 | D:4      | HP: 3/62 [ogre/+0 giant spiked club (29)]
  3002 | D:4      | Reached XP level 7. HP: 4/68 MP: 6/6
  3071 | D:4      | Reached skill level 1 in Evocations
  3308 | D:5      | Found a staircase to the Ecumenical Temple.
  3337 | D:5      | Reached skill level 6 in Unarmed Combat
  3365 | D:5      | Found a broken altar of Ashenzari.
  3545 | D:5      | Reached ** piety under Wu Jian
  3570 | D:5      | Reached XP level 8. HP: 79/79 MP: 7/7
  3587 | D:5      | Noticed Menkaure
  3595 | D:5      | Killed Menkaure
  3738 | D:5      | Reached skill level 7 in Unarmed Combat
  4408 | D:6      | Found a shadowy altar of Dithmenos.
  4516 | D:6      | Found a sparkling altar of Nemelex Xobeh.
  4562 | D:6      | Reached skill level 5 in Fighting
  4596 | D:6      | Noticed Blork the orc
  4631 | D:6      | Killed Blork the orc
  4638 | D:6      | Found a shimmering blue altar of Sif Muna.
  4701 | D:6      | Reached skill level 8 in Unarmed Combat
  4701 | D:6      | Reached XP level 9. HP: 87/88 MP: 8/8
  4713 | D:6      | Reached *** piety under Wu Jian
  4789 | D:6      | Noticed Sigmund
  4796 | D:6      | Killed Sigmund
  4884 | D:6      | Reached skill level 5 in Dodging
  4907 | D:6      | Reached skill level 9 in Unarmed Combat
  5232 | D:7      | Found a basalt altar of Yredelemnul.
  5465 | D:7      | Reached **** piety under Wu Jian
  5492 | D:7      | Reached XP level 10. HP: 98/98 MP: 9/9
  5605 | D:7      | Reached skill level 10 in Unarmed Combat
  5673 | D:7      | Noticed a cyclops
  5676 | D:7      | Killed a cyclops
  5687 | D:7      | Noticed a cyclops
  5706 | D:7      | Killed a cyclops
  5734 | D:7      | Noticed a white ugly thing
  5735 | D:7      | Noticed a green ugly thing
  5735 | D:7      | Noticed a purple ugly thing
  5738 | D:7      | Identified the +11 flail "Vulousy" {drain, +Blink rCorr}
  5741 | D:7      | Killed a green ugly thing
  5743 | D:7      | Killed a green ugly thing
  5744 | D:7      | Reached skill level 5 in Evocations
  5746 | D:7      | Killed a purple ugly thing
  5747 | D:7      | Reached skill level 11 in Unarmed Combat
  5790 | D:7      | Identified the +0 ring mail of the Lonely Blessings {-Tele
                  | Int+4 Dex-2 SInv}
  5790 | D:7      | Identified the +0 cloak of the Pink Corner {rElec}
  5885 | D:7      | Identified the ring "Quklueh" {rElec rN+ Will+ Dex+4}
  6102 | D:8      | Found a blossoming altar of Fedhas.
  6125 | D:8      | Found a shimmering altar of Xom.
  6146 | D:8      | Found a flagged portal.
  6167 | Bailey   | Entered a bailey
  6258 | Bailey   | Reached XP level 11. HP: 107/107 MP: 10/10
  6272 | Bailey   | Found an iron altar of Okawaru.
  6326 | Bailey   | Acquired a manual of Evocations
  6413 | Bailey   | Reached ***** piety under Wu Jian
  6479 | D:8      | Found a glowing golden altar of the Shining One.
  6639 | D:8      | Noticed Prince Ribbit
  6657 | D:8      | Killed Prince Ribbit
  6713 | D:8      | Noticed Pikel
  6714 | D:8      | Found an opulent altar of Gozag.
  6726 | D:8      | Killed Pikel
  7546 | D:9      | Found a staircase to the Lair.
  7576 | D:9      | Reached skill level 12 in Unarmed Combat
  7643 | D:9      | Found a staircase to the Orcish Mines.
  8062 | D:9      | Found a hide-covered altar of Uskayaw.
  8450 | D:10     | Entered Level 10 of the Dungeon
  8591 | D:10     | Found a glowing silver altar of Zin.
  8924 | D:10     | Noticed a two-headed ogre
  8929 | D:10     | Killed a two-headed ogre
  8930 | D:10     | Reached XP level 12. HP: 119/119 MP: 11/11
  8930 | D:10     | Noticed a two-headed ogre
  8934 | D:10     | Killed a two-headed ogre
  8965 | D:10     | Found a sacrificial altar of Ru.
  8970 | D:10     | Reached ****** piety under Wu Jian
  9240 | D:11     | Noticed a boulder beetle
  9243 | D:11     | a boulder beetle changed into a wolf spider
  9248 | D:11     | Reached skill level 13 in Unarmed Combat
  9622 | D:11     | Reached skill level 1 in Armour
  9989 | Lair:1   | Entered Level 1 of the Lair of Beasts
 10306 | Lair:1   | Reached skill level 14 in Unarmed Combat
 10482 | Lair:1   | Reached XP level 13. HP: 88/130 MP: 12/12
 11516 | Lair:2   | Found a staircase to the Shoals.
 11726 | Shoals:1 | Entered Level 1 of the Shoals
 11831 | Lair:3   | Found a hole to the Spider Nest.
 12735 | Lair:4   | Reached skill level 15 in Unarmed Combat
 13097 | Lair:4   | Found a staircase to the Slime Pits.
 13582 | Lair:5   | Entered Level 5 of the Lair of Beasts
 13632 | Lair:5   | Reached skill level 10 in Evocations
 13652 | Lair:5   | Reached XP level 14. HP: 73/140 MP: 13/13
 13731 | Lair:5   | Reached skill level 5 in Armour
 13924 | Lair:5   | Acquired 707 gold pieces
 13991 | Lair:5   | Noticed Josephine
 14055 | Lair:5   | Killed Josephine
 14598 | Lair:5   | Reached skill level 16 in Unarmed Combat
 14603 | Lair:5   | Reached skill level 10 in Fighting
 14935 | Lair:5   | Reached skill level 10 in Dodging
 15249 | Orc:1    | Entered Level 1 of the Orcish Mines
 15270 | Orc:1    | Noticed an orc warlord
 15278 | Orc:1    | HP: 7/143 [orc warlord/bolt (6)]
 15278 | Orc:1    | Shot with a bolt by an orc warrior

Illustrated notes

Levels and vault maps discovered:
D:1:      dpeg_arrival_erosion, layout_rooms, hangedman_decor_lopped,
          chequers_serial_rivers_small_b
D:2:      layout_basic, uniq_terence, uniq_jessica
D:3:      layout_loops_cross
D:4:      layout_loops_ring, lemuel_crystal_altar, grunt_ministairs_5
D:5:      layout_basic, mainiacjoe_overflow_paths, lemuel_doored_altar,
          minmay_temple_entry_overgrown, gup_sewer_entry_glass, uniq_menkaure
D:6:      minmay_angry_zag, layout_basic, tgw_sif, nemelex_dance_club_becter,
          nicolae_dithmenos_through_a_glass_darkly, uniq_sigmund
D:7:      minmay_the_grid_octo_2x2 [minmay_the_grid_octo_checkered,
          minmay_the_grid_octo_fat_diamond, minmay_the_grid_octo_clover_2,
          minmay_the_grid_octo_prize_square_snowflake], layout_rooms,
          lemuel_round_altar
D:8:      layout_loops_corners, tso_metal_star, grunt_gozag_breadcrumbs,
          xom_butterflies, fedhas_altar_2, enter_bailey_4, grunt_livestock,
          kennysheep_cluttered_room, uniq_prince_ribbit1, uniq_pikel
D:9:      layout_roguey, mainiacjoe_overflow_alcove_2,
          due_lair_maze_entry_diamond, erik_orc_2
D:10:     layout_loops_cross, zin_academy, nicolae_ru_great_annihilating_truth,
          nooodl_orcs_dogs
D:11:     layout_roguey
Lair:1:   layout_cave_shapes
Lair:2:   layout_chaotic_city, minmay_shoals_entry_beasts
Lair:3:   layout_chaotic_city, spider_nest_entry_rubble, serial_bayou_shore_a,
          grunt_megastairs_5
Lair:4:   layout_regular_city, slime_entry_1, beast_lair_carwin_3,
          grunt_megastairs_2, infiniplex_staircase_pool, lemuel_fruit_tree
Lair:5:   due_jungle_book, layout_loops_ring, nicolae_lair_grove_arrangements,
          uniq_josephine
Shoals:1: layout_shoals
Orc:1:    orc_temple, layout_caves, basic_altar, hellmonk_bongcloud_opening,
          nicolae_shop_self_help

Skill      XL: |  1  2  3  4  5  6  7  8  9 10 11 12 13 14 |
---------------+-------------------------------------------+-----
Fighting       | 3 4 5 6 8 9 10 | 10.2
Dodging        | 2 3 4 5 6 7 8 9 10 | 10.0
Unarmed Combat | 3 4 5 6 8 9 11 12 14 15 16 | 16.3
Evocations     | 1 3 4 5 7 8 10 | 10.9
Armour         | 2 4 5 |  5.7
Stealth        | |  2.7

Action                     |  1- 3 |  4- 6 |  7- 9 | 10-12 | 13-15 || total
---------------------------+-------+-------+-------+-------+-------++-------
  Melee: Unarmed           |    20 |   141 |   248 |   682 |   584 ||  1675
         Punch             |       |     3 |    13 |    45 |    52 ||   113
  Throw: Stone             |       |       |     3 |     4 |    13 ||    20
 Invoke: Serpent's Lash    |       |       |       |       |     1 ||     1
Ability: Lunge             |       |    12 |       |       |       ||    12
         Whirlwind         |       |     4 |     7 |    99 |    73 ||   183
         Wall Jump         |       |       |       |       |     1 ||     1
  Evoke: Wand              |       |       |     2 |    22 |    16 ||    40
         Phial of floods   |       |       |       |       |     1 ||     1
    Use: Potion            |     1 |       |     1 |     2 |     2 ||     6
         Scroll            |     1 |    13 |     5 |     7 |     4 ||    30
   Stab: Sleeping          |       |    14 |     5 |    22 |    10 ||    51
         Distracted        |       |       |     3 |       |     3 ||     6
 Armour: Robe              |    10 |    28 |    81 |   143 |       ||   262
         Acid dragon scale |       |       |       |    82 |    83 ||   165
         Shadow dragon sca |       |       |       |       |   112 ||   112
  Dodge: Dodged            |     9 |    44 |    90 |   365 |   232 ||   740
         Repelled          |       |       |     1 |       |       ||     1

Table legend: (Time is in decaauts)
 A = Elapsed time spent in this place.
 B = Non-inter-level travel time spent in this place.
 C = Inter-level travel time spent in this place.
 D = Time resting spent in this place.
 E = Time spent auto-exploring this place.
 F = Levels seen in this place.
 G = Mean time per level.
                   A        B        C        D        E       F      G
               +--------+--------+--------+--------+--------+-----+--------+
         Total |  14977 |  14290 |    687 |    551 |  10550 |  19 |  788.3 |
       Dungeon |   9832 |   9345 |    487 |    251 |   7072 |  11 |  893.8 |
          Lair |   4851 |   4651 |    200 |    287 |   3380 |   5 |  970.2 |
        Shoals |      1 |      1 |      0 |      0 |      0 |   1 |    1.0 |
  Orcish Mines |     24 |     24 |      0 |      0 |      0 |   1 |   24.0 |
        Bailey |    267 |    267 |      0 |     12 |     98 |   1 |  267.0 |
               +--------+--------+--------+--------+--------+-----+--------+

Top non-repeatable levels by time:
  Lair:5: 1451 daAuts
     D:9: 1242 daAuts
     D:5: 1140 daAuts
     D:8: 1108 daAuts
  Lair:3: 961 daAuts
     D:6: 914 daAuts
  Lair:4: 885 daAuts
     D:4: 866 daAuts
  Lair:2: 860 daAuts
     D:7: 854 daAuts
     D:2: 830 daAuts
    D:11: 779 daAuts
     D:3: 737 daAuts
    D:10: 723 daAuts
  Lair:1: 692 daAuts
